 Dungeon Crawl Stone Soup version 0.19.0-24-gb05acd6 (console) character file.

1358 Kloppie the Spear-Bearer (level 8, 0/90 HPs)
             Began as a Merfolk Berserker on Nov 22, 2016.
             Was an Elder of Trog.
             Slain by a gnoll
             ... wielding a +0 spear
              (5 damage)
             ... on level 5 of the Dungeon.
             The game lasted 00:07:42 (4733 turns).

Kloppie the Spear-Bearer (Merfolk Berserker)        Turns: 4733, Time: 00:07:42

Health: 0/90       AC:  7    Str: 22    XL:     8   Next: 64%
Magic:  8/8        EV: 11    Int:  7    God:    Trog [****..]
Gold:   231        SH:  0    Dex: 15    Spells: 0 memorised, 7 levels left

rFire  . . .     SeeInvis .     a - +1 spear
rCold  . . .     Gourm    .     t - +0 scale mail
rNeg   + . .     Faith    +     (no shield)
rPois  .         Spirit   .     (no helmet)
rElec  .         Reflect  .     h - +0 cloak
rCorr  .         Harm     .     (no gloves)
MR     .....                    (no boots)
Stlth  ..........               g - amulet of faith
                                (no ring)
                                n - ring of positive energy

@: berserking, very quick
A: change form in water, swift swim, stealthy swim
a: Berserk, Trog's Hand, Brothers in Arms, Burn Spellbooks, Renounce Religion


You were on level 5 of the Dungeon.
You worshipped Trog.
Trog was greatly pleased with you.
You were near starving.

You visited 1 branch of the dungeon, and saw 6 of its levels.

You collected 231 gold pieces.

Inventory:

Hand Weapons
 a - a +1 spear (weapon)
Armour
 h - a +0 cloak (worn)
 t - a +0 scale mail (worn)
Jewellery
 g - an amulet of faith (around neck)
 n - a ring of positive energy (left hand)
 v - a cursed ring of loudness {unknown}
Wands
 f - a wand of paralysis (12/24)
Scrolls
 d - 2 scrolls of blinking
 j - 5 scrolls of enchant weapon
 k - a scroll of fog
 l - 4 scrolls of teleportation
 o - a scroll of recharging {unknown}
 p - a scroll of noise
Potions
 b - a potion of brilliance {unknown}
 e - a potion of agility
 m - a potion of cure mutation
 r - a potion of flight {unknown}
 u - a potion of haste {unknown}
Comestibles
 c - 7 bread rations
 i - 2 slices of pizza
 q - 3 fruits
 s - 2 meat rations


   Skills:
 - Level 4.0 Fighting
 + Level 14.2 Polearms
 - Level 1.3 Armour
 - Level 2.6 Dodging


You had 7 spell levels left.
You didn't know any spells.

Dungeon Overview and Level Annotations

Branches:
Dungeon (6/15)             Temple (0/1) D:4

Altars:
Makhleb


Message History

You feel the power of Trog in you as your rage grows.
You kill the gnoll!
Trog accepts your kill. The gnoll hits you with a spear!
* * * LOW HITPOINT WARNING * * *
The gnoll hits you from afar with a spear.
* * * LOW HITPOINT WARNING * * *
Things that are here:
a flail; a gnoll corpse You hit the gnoll.
The gnoll is moderately wounded.
You impale the gnoll!!
You kill the gnoll!
Trog accepts your kill.
The gnoll hits you from afar with a spear!
* * * LOW HITPOINT WARNING * * *
Things that are here:
a spear; a gnoll corpse You barely miss the gnoll.
The gnoll hits you with a spear.
You die...

####### #..........#..♣P..####..
......# #.....>....#.....######.
......####.......................
...#....#.)........##########.###
...........)......###### #.....#
...###...##............####.#...#
...#####..))#.########..........#
...............)#...####..###...#
..............#.@g...##..####....
.................................
###....................###.......
#...........#................##
###...........##.......#....#....
....#######..........#......#....
..).#####...#.#.......#..#.......
..........###.#............#.....
..............<.........[......##


You could see a gnoll.

Vanquished Creatures
  The ghost of AAAAA the Magician, an amateur DEFE (D:3)
  A black bear (D:6)
  A phantom (D:4)
  2 centaurs (D:5)
  A gnoll sergeant (D:6)
  3 scorpions
  A howler monkey (D:4)
  A crimson imp (D:5)
  A hound (D:5)
  4 orc priests
  A centaur zombie (D:5)
  2 orc wizards (D:5)
  An iguana (D:4)
  4 worker ants (D:4)
  A hound skeleton (D:3)
  5 gnolls
  5 adders
  2 shadow imps
  2 oozes
  An adder skeleton (D:4)
  5 worms
  3 dart slugs
  2 leopard geckos
  16 orcs
  A ball python (D:4)
  13 bats
  5 giant cockroaches
  12 goblins
  9 hobgoblins
  14 jackals
  A quokka (D:3)
  3 frilled lizards
  A jackal skeleton (D:5)
  6 kobolds
  17 rats
148 creatures vanquished.

Notes
Turn   | Place    | Note
-------+----------+-------------------------------------------
     0 | D:1      | Kloppie the Merfolk Berserker began the quest for the Orb.
     0 | D:1      | Reached XP level 1. HP: 18/18 MP: 1/1
    52 | D:1      | Reached XP level 2. HP: 14/24 MP: 2/2
   247 | D:1      | Reached skill level 5 in Polearms
   521 | D:1      | Reached XP level 3. HP: 24/30 MP: 3/3
   561 | D:1      | Reached ** piety under Trog
  1384 | D:2      | Reached skill level 6 in Polearms
  1482 | D:2      | Reached XP level 4. HP: 37/37 MP: 4/4
  1822 | D:2      | Reached skill level 7 in Polearms
  2188 | D:3      | Reached *** piety under Trog
  2210 | D:3      | Reached XP level 5. HP: 35/42 MP: 5/5
  2229 | D:3      | Noticed AAAAA's ghost (amateur DEFE)
  2240 | D:3      | Killed AAAAA's ghost
  2240 | D:3      | Reached skill level 8 in Polearms
  2240 | D:3      | Reached XP level 6. HP: 48/48 MP: 6/6
  2291 | D:3      | Reached skill level 9 in Polearms
  2911 | D:4      | Found a burning altar of Makhleb.
  2987 | D:4      | Reached skill level 10 in Polearms
  3033 | D:4      | Reached XP level 7. HP: 34/54 MP: 7/7
  3186 | D:4      | Found a staircase to the Ecumenical Temple.
  3253 | D:4      | Reached **** piety under Trog
  3692 | D:4      | Reached skill level 11 in Polearms
  3729 | D:5      | Entered Level 5 of the Dungeon
  3925 | D:5      | Reached skill level 12 in Polearms
  4193 | D:5      | Reached XP level 8. HP: 57/60 MP: 8/8
  4461 | D:5      | Reached skill level 13 in Polearms
  4693 | D:5      | Reached skill level 14 in Polearms
  4731 | D:5      | HP: 4/90 [gnoll/spear (8)]
  4733 | D:5      | Slain by a gnoll

Skill      XL: |  1  2  3  4  5  6  7  8 |
---------------+-------------------------+-----
Polearms       | 5 6 7 8 10 12 14 | 14.2
Fighting       | 4 |  4.0
Armour         | |  1.3
Dodging        | |  2.6

Action                   |  1- 3 |  4- 6 |  7- 9 || total
-------------------------+-------+-------+-------++-------
Melee: Spear             |   159 |   241 |   265 ||   665
Invok: Berserk           |     2 |     2 |     5 ||     9
       Trog's Hand       |       |     1 |     1 ||     2
  Use: Scroll            |       |     5 |     4 ||     9
 Stab: Sleeping          |     2 |     4 |       ||     6
       Distracted        |     1 |       |       ||     1
  Eat: Chunk             |     4 |     7 |     8 ||    19
       Fruit             |       |       |     1 ||     1
Armor: Animal skin       |    30 |     9 |       ||    39
       Leather armour    |       |    14 |       ||    14
       Scale mail        |       |     6 |    61 ||    67
Dodge: Dodged            |    88 |    53 |    82 ||   223
